[Event "GER-ch Youth-U18w 2023"]
[Site "Willingen"]
[Date "2023.05.29"]
[Round "3.3"]
[White "Peglau, Mirjam"]
[Black "Wagner, Margarethe"]
[Result "1/2-1/2"]
[Annotator "NA RC"]
[ECO "E06"]
[WhiteElo "1932"]
[BlackElo "1831"]
[PlyCount "71"]
[EventDate "2022.06.05"]
[EventType "swiss"]
[EventRounds "9"]
[EventCountry "GER"]
[SourceTitle "playchess.com"]
[Source "ChessBase"]
[SourceQuality "1"]
[TimeControl "40/4500+30:900+30"]

1. g3 d5 2. Bg2 Nf6 3. d4 e6 4. Nf3 Be7 5. O-O O-O 6. c4 c6 7. Qb3 b6 8. Nc3 Ba6 9. cxd5 cxd5 10. Ne5 Bb7 11. Bg5 Nfd7 12. Bxe7 Qxe7 13. Nxd7 Nxd7 14. Rac1 Rfc8 15. Rc2 Rc4 16. e3 Rac8 17. Rfc1 a6 18. Bf1 R4c6 19. a4 Qd6 20. Na2 a5 21. Rxc6 Rxc6 22. Rxc6 Bxc6 23. Nc3 Qc7 24. Nb5 Bxb5 25. Qxb5 Nf6 26. Kg2 g6 27. Bd3 Kf8 28. Qb3 Ne8 29. Qc2 Qxc2 30. Bxc2 Nd6 31. Bd3 Ke7 32. Kf3 f6 33. h4 f5 34. Ke2 Nf7 35. f3 Nd8 36. Bb5 1/2-1/2

[Event "GER-ch Youth-U18w 2023"]
[Site "Willingen"]
[Date "2023.05.29"]
[Round "3.4"]
[White "Albayrak, Nese Pinar"]
[Black "Reuter, Elisa"]
[Result "1-0"]
[Annotator "NA RC"]
[ECO "B33"]
[WhiteElo "1763"]
[BlackElo "1944"]
[PlyCount "128"]
[EventDate "2022.06.05"]
[EventType "swiss"]
[EventRounds "9"]
[EventCountry "GER"]
[SourceTitle "playchess.com"]
[Source "ChessBase"]
[SourceQuality "1"]
[TimeControl "40/4500+30:900+30"]

1. e4 c5 2. Nf3 Nc6 3. d4 cxd4 4. Nxd4 Nf6 5. Nc3 e5 6. Ndb5 d6 7. Bg5 a6 8. Na3 b5 9. Nd5 Be7 10. Bxf6 Bxf6 11. c3 Rb8 12. Nc2 Bg5 13. Be2 O-O 14. O-O Be6 15. Bf3 a5 16. Nce3 Ne7 17. Qd3 Bxe3 18. Nxe3 Qc7 19. Bg4 Bc4 20. Nxc4 bxc4 21. Qd2 Rb6 22. Rab1 Rfb8 23. Rfd1 a4 24. Qc2 Qc6 25. Be2 h6 26. f4 Qc5+ 27. Kh1 a3 28. fxe5 dxe5 29. b4 cxb3 30. axb3 Rf6 31. Rf1 Rbb6 32. Ra1 Ng6 33. Bc4 Rbd6 34. Rxf6 Rxf6 35. Rf1 Qe3 36. Rxf6 gxf6 37. g3 a2 38. Qxa2 Qxc3 39. Qa8+ Kg7 40. Qd5 Nh8 41. Qd3 Qe1+ 42. Kg2 Ng6 43. Qd5 Nh8 44. h4 h5 45. Qd3 Ng6 46. Qe2 Qxe2+ 47. Bxe2 Kh6 48. Kf2 Ne7 49. Bc4 Kg6 50. Bd5 Nc8 51. Kf3 Nd6 52. Bc6 f5 53. b4 fxe4+ 54. Bxe4+ f5 55. Bc6 Nc4 56. Be8+ Kh6 57. Bf7 Nb6 58. b5 Na8 59. Bd5 Nb6 60. Bf7 Na8 61. Ke3 Nb6 62. Kd3 Na8 63. Kc4 f4 64. gxf4 exf4 1-0

[Event "GER-ch Youth-U18w 2023"]
[Site "Willingen"]
[Date "2023.05.29"]
[Round "3.5"]
[White "Buchholz, Maja Patricia"]
[Black "Petersen, Sophie"]
[Result "1-0"]
[Annotator "NA COMBH"]
[ECO "A25"]
[WhiteElo "1899"]
[BlackElo "1763"]
[PlyCount "119"]
[EventDate "2022.06.05"]
[EventType "swiss"]
[EventRounds "9"]
[EventCountry "GER"]
[SourceTitle "playchess.com"]
[Source "ChessBase"]
[SourceQuality "1"]
[TimeControl "40/4500+30:900+30"]

1. c4 e5 2. g3 Nc6 3. Bg2 Bc5 4. Nc3 d6 5. e3 a6 6. Nge2 Nf6 7. b3 O-O 8. Bb2 Ba7 9. O-O Bf5 10. d4 exd4 11. Nxd4 Nxd4 12. exd4 Rb8 13. Qd2 Qd7 14. Rfe1 b5 15. Nd5 Nxd5 16. cxd5 Rfe8 17. Rac1 Bb6 18. f3 Rxe1+ 19. Qxe1 Re8 20. Qd2 Qe7 21. Kf2 Bd7 22. f4 Qf6 23. Bf3 h6 24. Kg2 Qf5 25. Bc3 Qf6 26. Rd1 g5 27. fxg5 Qxg5 28. Qxg5+ hxg5 29. g4 f6 30. Kf2 a5 31. Rd3 b4 32. Bb2 Kg7 33. Re3 Rxe3 34. Kxe3 a4 35. h3 a3 36. Bc1 Bb5 37. Bg2 Kg6 38. Be4+ Kf7 39. Bd2 Ba5 40. Bg2 Kg6 41. Be4+ Kf7 42. Bd3 Bd7 43. Kf3 c6 44. Bc4 Ke7 45. dxc6 Bxc6+ 46. d5 Bd7 47. Bd3 Kf7 48. Ke4 Bb6 49. Bxb4 Bc5 50. Bd2 Ke7 51. b4 Bb6 52. Bc1 f5+ 53. gxf5 Kf6 54. Kf3 Bxf5 55. Bxf5 Kxf5 56. Bxa3 Ke5 57. Bc1 Bd8 58. a4 Kxd5 59. a5 Kc4 60. a6 1-0

[Event "GER-ch Youth-U18w 2023"]
[Site "Willingen"]
[Date "2023.05.29"]
[Round "3.6"]
[White "Kalina, Lena"]
[Black "Zoellner, Bente"]
[Result "1-0"]
[Annotator "NA RC"]
[ECO "E60"]
[WhiteElo "1776"]
[BlackElo "1700"]
[PlyCount "53"]
[EventDate "2022.06.05"]
[EventType "swiss"]
[EventRounds "9"]
[EventCountry "GER"]
[SourceTitle "playchess.com"]
[Source "ChessBase"]
[SourceQuality "1"]
[TimeControl "40/4500+30:900+30"]

1. c4 c5 2. Nf3 Nf6 3. Nc3 Nc6 4. d4 cxd4 5. Nxd4 d6 6. g3 g6 7. Bg2 Bd7 8. b3 Bg7 9. Bb2 O-O 10. O-O Rb8 11. Nc2 Qc8 12. Re1 Bh3 13. Bh1 Ng4 14. e4 Nce5 15. Nd5 Re8 16. Bd4 Nf6 17. Nce3 Nc6 18. Nxf6+ exf6 19. Bb2 Rd8 20. Nd5 Qe6 21. Qc2 f5 22. Bxg7 Kxg7 23. exf5 Qxf5 24. Qc3+ f6 25. Re3 Ne5 26. f4 Nd7 27. Re7+ 1-0

[Event "GER-ch Youth-U18w 2023"]
[Site "Willingen"]
[Date "2023.05.29"]
[Round "3.7"]
[White "Glowiak, Alexandra"]
[Black "Werner, Rosalie"]
[Result "1-0"]
[Annotator "NA RC"]
[ECO "B95"]
[WhiteElo "1660"]
[BlackElo "1751"]
[PlyCount "65"]
[EventDate "2022.06.05"]
[EventType "swiss"]
[EventRounds "9"]
[EventCountry "GER"]
[SourceTitle "playchess.com"]
[Source "ChessBase"]
[SourceQuality "1"]
[TimeControl "40/4500+30:900+30"]

1. e4 c5 2. Nf3 d6 3. d4 cxd4 4. Nxd4 Nf6 5. Nc3 a6 6. Bg5 e6 7. Be2 Qc7 8. Qd2 b5 9. a3 Be7 10. f3 Nbd7 11. a4 b4 12. Na2 a5 13. Bb5 Bb7 14. c3 d5 15. exd5 Bxd5 16. O-O O-O 17. Bxf6 Nxf6 18. Nc1 bxc3 19. bxc3 Rac8 20. Nce2 Bc5 21. Kh1 Rfd8 22. Qb2 Bxd4 23. cxd4 Qc2 24. Qxc2 Rxc2 25. Rfc1 Rcc8 26. Kg1 Bb7 27. Rxc8 Bxc8 28. Rc1 Nd5 29. Rc5 Nb4 30. Kf1 Kf8 31. Rc7 Na6 32. Ra7 Nc7 33. Rxc7 1-0

[Event "GER-ch Youth-U18w 2023"]
[Site "Willingen"]
[Date "2023.05.29"]
[Round "3.8"]
[White "Adelhardt, Lisa"]
[Black "Foltin, Alica"]
[Result "1-0"]
[Annotator "NA RC"]
[ECO "B07"]
[WhiteElo "1656"]
[BlackElo "1540"]
[PlyCount "71"]
[EventDate "2022.06.05"]
[EventType "swiss"]
[EventRounds "9"]
[EventCountry "GER"]
[SourceTitle "playchess.com"]
[Source "ChessBase"]
[SourceQuality "1"]
[TimeControl "40/4500+30:900+30"]

1. e4 d6 2. d4 Nf6 3. Nc3 Nbd7 4. Nge2 e5 5. h3 Be7 6. g4 h6 7. Bg2 Nh7 8. Be3 c6 9. Ng3 b5 10. Nce2 Nb6 11. b3 Qc7 12. Qd2 a5 13. O-O g5 14. Nh5 Rg8 15. Neg3 Nf6 16. Rfd1 Nxh5 17. Nxh5 Rg6 18. dxe5 dxe5 19. Bf1 a4 20. Qc3 Bd6 21. Rxd6 Qxd6 22. Bxb6 b4 23. Qe3 axb3 24. cxb3 Rb8 25. Bc5 Qc7 26. Bc4 Be6 27. Bxe6 fxe6 28. Rd1 Qa5 29. Rd2 Rb7 30. Kg2 Rb5 31. Bd6 Rb7 32. Rc2 Qa6 33. Bxe5 Rb5 34. Qd4 Qa5 35. Nf6+ Kf8 36. Qd6+ 1-0

[Event "GER-ch Youth-U18w 2023"]
[Site "Willingen"]
[Date "2023.05.29"]
[Round "3.10"]
[White "Avetyan, Manan"]
[Black "Derling, Charlotte"]
[Result "0-1"]
[Annotator "NA COMBH"]
[ECO "B70"]
[WhiteElo "1368"]
[BlackElo "1664"]
[PlyCount "114"]
[EventDate "2022.06.05"]
[EventType "swiss"]
[EventRounds "9"]
[EventCountry "GER"]
[SourceTitle "playchess.com"]
[Source "ChessBase"]
[SourceQuality "1"]
[TimeControl "40/4500+30:900+30"]

1. e4 c5 2. Nf3 d6 3. d4 cxd4 4. Nxd4 Nf6 5. Nc3 g6 6. Bg5 Bg7 7. Bb5+ Nbd7 8. Qe2 a6 9. Bxd7+ Nxd7 10. O-O-O O-O 11. f4 Nc5 12. Nd5 f6 13. Bh4 Ne6 14. Nb3 Nc7 15. Qc4 Nxd5 16. Qxd5+ Kh8 17. Rhe1 Qc7 18. Bg3 Bd7 19. Nd4 Rac8 20. Rd2 b5 21. Kb1 Qc4 22. Qxc4 Rxc4 23. e5 dxe5 24. fxe5 fxe5 25. Nf3 Bf5 26. Bxe5 Bxe5 27. Rxe5 Re4 28. Rdd5 Kg7 29. Rc5 Rd8 30. Kc1 Rxe5 31. Rxe5 Kf6 32. Re3 Rc8 33. Nd4 Rc4 34. Nxf5 gxf5 35. g3 Rd4 36. c3 Rd6 37. Kc2 e5 38. b3 f4 39. Rf3 Kf5 40. gxf4 exf4 41. c4 bxc4 42. bxc4 Ke4 43. c5 Rc6 44. Rc3 Kd4 45. Rd3+ Kxc5 46. Rc3+ Kd5 47. Rxc6 Kxc6 48. Kd3 Kd5 49. Ke2 Ke4 50. Kf2 h5 51. a3 f3 52. Kf1 Kf4 53. a4 Ke3 54. Ke1 a5 55. h4 Kf4 56. Kf1 Kg3 57. Kg1 Kxh4 0-1

[Event "GER-ch Youth-U18w 2023"]
[Site "Willingen"]
[Date "2023.05.29"]
[Round "3.11"]
[White "Gossing, Marie-Sophie"]
[Black "Henninger, Claire"]
[Result "0-1"]
[Annotator "NA RC"]
[ECO "B13"]
[WhiteElo "1395"]
[BlackElo "1610"]
[PlyCount "66"]
[EventDate "2022.06.05"]
[EventType "swiss"]
[EventRounds "9"]
[EventCountry "GER"]
[SourceTitle "playchess.com"]
[Source "ChessBase"]
[SourceQuality "1"]
[TimeControl "40/4500+30:900+30"]

1. e4 c6 2. d4 d5 3. exd5 cxd5 4. Bd3 Nc6 5. c3 Qc7 6. h3 Nf6 7. Bg5 e6 8. Qc2 Be7 9. Ne2 h6 10. Bh4 Bd7 11. Nd2 a6 12. a4 e5 13. Bg3 Bd6 14. dxe5 Bxe5 15. Bxe5 Nxe5 16. O-O Nxd3 17. Qxd3 O-O 18. Nd4 Rfe8 19. Rfc1 Qd6 20. b4 Ne4 21. Nf1 Qf6 22. Nf3 Rad8 23. Qxd5 Nxc3 24. Qxb7 Ne2+ 25. Kh1 Nxc1 26. Rxc1 Bxa4 27. Rc7 Rd1 28. Kg1 Rxf1+ 29. Kh2 Qf4+ 30. g3 Rxf2+ 31. Kg1 Qxg3+ 32. Kh1 Rf1+ 33. Ng1 Qxg1# 0-1

[Event "GER-ch Youth-U18w 2023"]
[Site "Willingen"]
[Date "2023.05.29"]
[Round "3.12"]
[White "Kieckbusch, Lotta"]
[Black "Evering, Enna"]
[Result "1-0"]
[Annotator "NA COMBH"]
[ECO "C56"]
[WhiteElo "1308"]
[BlackElo "1548"]
[PlyCount "115"]
[EventDate "2022.06.05"]
[EventType "swiss"]
[EventRounds "9"]
[EventCountry "GER"]
[SourceTitle "playchess.com"]
[Source "ChessBase"]
[SourceQuality "1"]
[TimeControl "40/4500+30:900+30"]

1. e4 e5 2. Nf3 Nc6 3. d4 exd4 4. Bc4 Nf6 5. e5 d5 6. Bb5 Ne4 7. Nxd4 Bd7 8. Bxc6 bxc6 9. O-O Bc5 10. f3 Ng5 11. f4 Ne4 12. Be3 Bb6 13. Nd2 Nxd2 14. Qxd2 Qe7 15. Rae1 c5 16. Ne2 d4 17. Bf2 O-O-O 18. Qd3 Bc6 19. c3 Qd7 20. cxd4 cxd4 21. Rd1 Bb5 22. Qe4 Bc6 23. Qd3 Bb5 24. Qe4 Qd5 25. Qf5+ Qe6 26. Qe4 Qd5 27. Qf5+ Qe6 28. Qe4 Bxe2 29. Qxe2 Qxa2 30. Ra1 Qd5 31. Qa6+ Qb7 32. Qc4 c5 33. b4 Qd5 34. Qxd5 Rxd5 35. bxc5 Bxc5 36. Rfc1 Kb8 37. Ra5 Rc8 38. Rb5+ Ka8 39. Kf1 a6 40. Ra5 Ka7 41. Raxc5 Rcxc5 42. Rxc5 Rxc5 43. Bxd4 Kb6 44. Ke2 Kc6 45. Bxc5 Kxc5 46. Kd2 Kd5 47. Kd3 f6 48. exf6 gxf6 49. g4 a5 50. h4 a4 51. g5 Ke6 52. h5 Kf5 53. g6 hxg6 54. h6 Kxf4 55. h7 g5 56. h8=Q f5 57. Qd4+ Kf3 58. Qe3+ 1-0

[Event "GER-ch Youth-U18w 2023"]
[Site "Willingen"]
[Date "2023.05.30"]
[Round "4.1"]
[White "Heutling, Elina"]
[Black "Groeschel, Karoline"]
[Result "1/2-1/2"]
[Annotator "NA RC"]
[ECO "B43"]
[WhiteElo "1878"]
[BlackElo "1892"]
[PlyCount "95"]
[EventDate "2022.06.05"]
[EventType "swiss"]
[EventRounds "9"]
[EventCountry "GER"]
[SourceTitle "playchess.com"]
[Source "ChessBase"]
[SourceQuality "1"]
[TimeControl "40/4500+30:900+30"]

1. e4 c5 2. Nf3 e6 3. d4 cxd4 4. Nxd4 a6 5. Nc3 b5 6. Bd3 Bb7 7. O-O Nc6 8. Nxc6 Bxc6 9. Qe2 Bc5 10. Be3 Qb6 11. Bxc5 Qxc5 12. Rfe1 Ne7 13. a4 b4 14. Nb1 Bb7 (14... a5 $11) 15. Nd2 (15. a5 $14) 15... O-O 16. Qe3 Qxe3 17. Rxe3 d5 18. e5 Nc6 19. Rae1 Rfc8 20. Nb3 a5 21. Bb5 Ne7 22. Nd4 Bc6 23. Nxc6 Nxc6 24. Rd1 Na7 25. Bd3 g6 26. h4 Rc5 27. h5 Kg7 28. Rh3 Nc6 29. f4 Nd4 30. Kf2 Nf5 31. g4 Ne7 32. Rdh1 Rac8 33. hxg6 hxg6 34. Ke3 Rg8 35. Rh7+ Kf8 36. Rh8 Rxh8 37. Rxh8+ Ng8 38. Kd4 (38. f5 $18) 38... Rc7 39. c3 bxc3 40. bxc3 Kg7 41. Rh1 Ne7 42. Rb1 Nc6+ 43. Ke3 (43. Kc5 $1 $11 {keeps the balance.} Nb4+ 44. Kb6 (44. Kd4 Nxd3 45. Kxd3 Rc4 $17) 44... Rc6+ 45. Kb7 Rxc3 46. Bb5) 43... d4+ 44. cxd4 Nb4 45. Kd2 $11 Rd7 46. Ke3 Rc7 47. Kd2 Rd7 48. Ke3 1/2-1/2

[Event "GER-ch Youth-U18w 2023"]
[Site "Willingen"]
[Date "2023.05.30"]
[Round "4.4"]
[White "Glowiak, Alexandra"]
[Black "Buchholz, Maja Patricia"]
[Result "0-1"]
[Annotator "NA RC"]
[ECO "C03"]
[WhiteElo "1660"]
[BlackElo "1899"]
[PlyCount "49"]
[EventDate "2022.06.05"]
[EventType "swiss"]
[EventRounds "9"]
[EventCountry "GER"]
[SourceTitle "playchess.com"]
[Source "ChessBase"]
[SourceQuality "1"]
[TimeControl "40/4500+30:900+30"]

1. e4 e6 2. d4 d5 3. Nd2 Be7 4. e5 c5 5. c3 cxd4 6. cxd4 Qb6 7. Nb3 a5 8. Nf3 a4 (8... Nc6 {deserves consideration.}) 9. Nbd2 Nc6 10. Nb1 Nh6 11. Qd3 Bd7 12. Nc3 Nf5 13. Ne2 h5 14. g3 Rc8 15. a3 Na5 16. Rb1 Bb5 17. Qd1 O-O $17 18. Nc3 Bxf1 19. Rxf1 Rxc3 20. Bd2 Rb3 21. Bc3 Nc4 22. Qc1 Bxa3 23. Nd2 Nxd2 24. Qxd2 Rc8 25. Ke2 0-1

[Event "GER-ch Youth-U18w 2023"]
[Site "Willingen"]
[Date "2023.05.30"]
[Round "4.5"]
[White "Wagner, Margarethe"]
[Black "Cordes, Jule"]
[Result "1-0"]
[Annotator "NA RC"]
[ECO "C02"]
[WhiteElo "1831"]
[BlackElo "1744"]
[PlyCount "136"]
[EventDate "2022.06.05"]
[EventType "swiss"]
[EventRounds "9"]
[EventCountry "GER"]
[SourceTitle "playchess.com"]
[Source "ChessBase"]
[SourceQuality "1"]
[TimeControl "40/4500+30:900+30"]

1. e4 e6 2. d4 d5 3. e5 c5 4. c3 Nc6 5. Nf3 Qb6 6. a3 c4 7. Nbd2 Na5 8. Rb1 Bd7 9. Be2 Ne7 {[%emt 0:00:00] 9...Qc7 injects fresh life into this line.} 10. h4 f6 11. h5 {[%emt 0:00:00] [#]} Qc7 $146 ({Predecessor:} 11... h6 12. Nf1 Nb3 13. Bf4 O-O-O 14. Ne3 Ba4 15. Kf1 Nc6 16. Qe1 Be7 17. Kg1 Rdf8 {1-0 Balakrishnan,P (2524)-Borsuk,K (2425) Titled Tuesday intern op 07th Sept blitz 2021 (7)}) 12. Kf1 O-O-O 13. Qe1 (13. g3 $11) 13... Kb8 14. b4 cxb3 15. Nxb3 Nxb3 16. Rxb3 Nc8 17. g3 Ba4 18. Rb1 Qc6 19. h6 Nb6 20. hxg7 Bxg7 21. exf6 Bxf6 22. Bf4+ Ka8 23. Be5 Bxe5 24. Nxe5 Qc7 25. Rh6 Rc8 26. Rc1 Qe7 27. Bg4 Qxa3 28. Rxe6 Bb5+ 29. Kg1 Na4 30. Rh6 Rc7 31. Bf3 Nxc3 32. Ra1 Qb2 33. Rh4 Rhc8 34. Kg2 Kb8 35. Bg4 Re8 36. Bh5 Rf8 37. Bf3 Ba6 38. Rc1 Rfc8 39. Bg4 Rd8 40. Nd7+ Ka8 41. Nc5 Ne4 42. Rb1 Qc2 (42... Qxd4 $2 43. Ne6 Qe5 44. Rh5 $18 (44. Nxd8 Rc2 $15) (44. Nxc7+ Qxc7 45. Bf5 h5 $16)) (42... Qa2 $11 {remains equal.}) 43. Ne6 Rf7 44. Nf4 Rdf8 45. Rc1 Qb2 46. Be6 Rg7 47. Rg4 Rxg4 48. Bxg4 Bc4 49. Rxc4 Nxf2 (49... Qxf2+ $142 50. Qxf2 Nxf2) 50. Rb4 Qc2 51. Qxf2 Qc7 52. Qf3 Qc2+ 53. Qf2 Qc7 54. Rb5 Qg7 55. Be6 h5 56. Bxd5 Rb8 57. Bf3 h4 58. Nh5 h3+ 59. Kh2 Qd7 60. Rb2 a6 61. Nf4 Ka7 62. d5+ b6 63. Ne6 Qd6 64. Rc2 Rb7 65. Rc6 Qe5 66. Nf4 Qg7 67. d6 Qd7 68. Qc2 Qd8 1-0

[Event "GER-ch Youth-U18w 2023"]
[Site "Willingen"]
[Date "2023.05.30"]
[Round "4.6"]
[White "Hafermann, Lara"]
[Black "Kalina, Lena"]
[Result "1/2-1/2"]
[Annotator "NA RC"]
[ECO "B35"]
[WhiteElo "1498"]
[BlackElo "1776"]
[PlyCount "68"]
[EventDate "2022.06.05"]
[EventType "swiss"]
[EventRounds "9"]
[EventCountry "GER"]
[SourceTitle "playchess.com"]
[Source "ChessBase"]
[SourceQuality "1"]
[TimeControl "40/4500+30:900+30"]

1. e4 c5 2. Nf3 Nc6 3. d4 cxd4 4. Nxd4 g6 5. Nc3 Bg7 6. Be3 Nf6 7. Bc4 O-O 8. Bb3 Qa5 9. O-O d6 10. h3 Bd7 11. Re1 Nxd4 12. Bxd4 Rac8 13. Nd5 Nxd5 14. Bxg7 Kxg7 15. exd5 Rfe8 16. Qf3 Qc7 17. Re3 e5 18. dxe6 fxe6 19. Rae1 Rf8 20. Qd1 e5 21. Rd3 Rcd8 22. Rxd6 Bxh3 23. Rxd8 Rxd8 24. Qe2 Bf5 25. Qxe5+ Qxe5 26. Rxe5 Rd1+ 27. Kh2 Kf6 28. Rc5 Rd7 29. f3 h5 30. Rd5 Re7 31. Kg1 Re1+ 32. Kf2 Rb1 33. Rd2 Rxb2 34. Ke3 Ke5 1/2-1/2

[Event "GER-ch Youth-U18w 2023"]
[Site "Willingen"]
[Date "2023.05.30"]
[Round "4.10"]
[White "Foltin, Alica"]
[Black "Zoellner, Bente"]
[Result "0-1"]
[Annotator "NA RC"]
[ECO "A05"]
[WhiteElo "1540"]
[BlackElo "1700"]
[PlyCount "50"]
[EventDate "2022.06.05"]
[EventType "swiss"]
[EventRounds "9"]
[EventCountry "GER"]
[SourceTitle "playchess.com"]
[Source "ChessBase"]
[SourceQuality "1"]
[TimeControl "40/4500+30:900+30"]

1. e4 c5 2. Nf3 Nc6 3. d3 Nf6 4. g3 g6 5. Bg2 Bg7 6. O-O O-O 7. c3 d6 8. Re1 Rb8 9. h3 b5 10. d4 b4 11. Bf4 bxc3 12. bxc3 Qa5 13. e5 Nh5 14. Bd2 f5 15. Nh2 Qb6 16. Qc1 dxe5 17. dxe5 Nxe5 18. Qc2 Qd6 19. Bg5 Bf6 20. Rd1 Qc7 21. Be3 Bb7 22. Bd5+ Bxd5 23. Rxd5 Nd7 24. Nd2 e6 25. Rd3 Ne5 0-1

[Event "GER-ch Youth-U18w 2023"]
[Site "Willingen"]
[Date "2023.05.30"]
[Round "4.12"]
[White "Avetyan, Manan"]
[Black "Gossing, Marie-Sophie"]
[Result "1/2-1/2"]
[Annotator "NA RC"]
[ECO "C42"]
[WhiteElo "1368"]
[BlackElo "1395"]
[PlyCount "79"]
[EventDate "2022.06.05"]
[EventType "swiss"]
[EventRounds "9"]
[EventCountry "GER"]
[SourceTitle "playchess.com"]
[Source "ChessBase"]
[SourceQuality "1"]
[TimeControl "40/4500+30:900+30"]

1. e4 e5 2. Nf3 Nf6 3. Nxe5 d6 4. Nxf7 Kxf7 5. d4 Nxe4 6. Qh5+ g6 7. Qd5+ Ke8 8. Qxe4+ Qe7 9. Qxe7+ Bxe7 10. Bc4 Bf5 11. c3 Nc6 12. Bh6 Bf8 13. Bf4 Kd7 14. O-O Re8 15. Nd2 Na5 16. Rfe1 Nxc4 17. Nxc4 Bg7 18. Ne3 Be6 19. d5 Bf7 20. Rad1 h6 21. Kf1 g5 22. Nf5 Rxe1+ 23. Rxe1 Bf6 24. Bd2 Bxd5 25. b3 Be5 26. Ne3 Be6 27. h3 Rf8 28. Ng4 Bg3 29. Re2 h5 30. Kg1 hxg4 31. fxg3 gxh3 32. Bxg5 hxg2 33. Kxg2 Bg4 34. Rf2 Rxf2+ 35. Kxf2 Ke6 36. Ke3 Bf5 37. Kf4 c5 38. Bd8 Bb1 39. g4 Bc2 40. a3 1/2-1/2

[Event "GER-ch Youth-U18w 2023"]
[Site "Willingen"]
[Date "2023.05.31"]
[Round "5.1"]
[White "Groeschel, Karoline"]
[Black "Albayrak, Nese Pinar"]
[Result "1/2-1/2"]
[Annotator "NA RC"]
[ECO "C88"]
[WhiteElo "1892"]
[BlackElo "1763"]
[PlyCount "59"]
[EventDate "2022.06.05"]
[EventType "swiss"]
[EventRounds "9"]
[EventCountry "GER"]
[SourceTitle "playchess.com"]
[Source "ChessBase"]
[SourceQuality "1"]
[TimeControl "40/4500+30:900+30"]

1. e4 e5 2. Nf3 Nc6 3. Bb5 a6 4. Ba4 Nf6 5. O-O Be7 6. Re1 b5 7. Bb3 O-O 8. a4 {[%emt 0:00:00] is currently scoring better than 8.c3.} Bb7 9. d3 d6 10. h3 Na5 11. Ba2 b4 12. Nbd2 c5 13. c3 Rb8 14. Nc4 {[%emt 0:01:02] [#]} Ba8 $146 ({Predecessor:} 14... Nc6 15. Bd2 Bc8 16. d4 cxd4 17. cxd4 Nxd4 18. Nxd4 exd4 19. e5 Ne8 20. exd6 Bxd6 21. Nxd6 Qxd6 {½-½ Achermann,J (2237)-Dezan,A (2192) ARG-SUI 2011 [12]}) 15. Nh2 Qc7 (15... Nxc4 $11 {deserves consideration.} 16. Bxc4 a5) 16. Nf1 ({White should try} 16. Nxa5 $14 Qxa5 17. Bd2) 16... Rfd8 (16... Nxc4 $11 {was preferrable.} 17. Bxc4 d5 18. exd5 Nxd5) 17. Nfe3 d5 18. Nxd5 Nxd5 19. exd5 Bxd5 20. Nxa5 Bxa2 21. Rxa2 Qxa5 22. Rxe5 Bf6 23. cxb4 Qxb4 24. Re2 c4 25. Bd2 Rxd3 26. Qe1 Qf8 27. Bc3 (27. a5 $11) 27... Bxc3 28. bxc3 Rbd8 29. Ra1 h6 30. Rb1 $11 1/2-1/2

[Event "GER-ch Youth-U18w 2023"]
[Site "Willingen"]
[Date "2023.05.31"]
[Round "5.2"]
[White "Buchholz, Maja Patricia"]
[Black "Heutling, Elina"]
[Result "0-1"]
[Annotator "NA RC"]
[ECO "C90"]
[WhiteElo "1899"]
[BlackElo "1878"]
[PlyCount "81"]
[EventDate "2022.06.05"]
[EventType "swiss"]
[EventRounds "9"]
[EventCountry "GER"]
[SourceTitle "playchess.com"]
[Source "ChessBase"]
[SourceQuality "1"]
[TimeControl "40/4500+30:900+30"]

1. e4 e5 2. Nf3 Nc6 3. Bc4 Nf6 4. d3 Be7 5. c3 O-O 6. O-O d6 7. Re1 Na5 8. Bb5 a6 9. Ba4 b5 10. Bc2 c5 11. Nbd2 h6 12. Nf1 Qc7 13. Ne3 Be6 14. Qe2 Nc6 15. Bb3 Rfe8 16. Bd5 Bf8 17. Nh4 Bxd5 18. Nxd5 Nxd5 19. exd5 Ne7 20. c4 Qd7 21. Kh1 g5 22. Nf3 Ng6 23. h4 g4 ({Resist} 23... Nxh4 24. Nxh4 gxh4 25. Qh5 $14) 24. Nh2 f5 ({But not} 24... Nxh4 25. Nxg4 (25. Qxg4+ Qxg4 26. Nxg4 Be7 $11) 25... Qf5 26. Qe4 $14 (26. Nxh6+ Bxh6 27. Bxh6 Qg6 $17) (26. Bxh6 Qg6 $11)) 25. g3 e4 26. Be3 Bg7 27. Rab1 exd3 28. Qd2 h5 29. cxb5 (29. b3 $142) 29... Qxb5 (29... axb5 $2 {perishes.} 30. Qxd3 Rxa2 31. Qb3 $19) 30. Bh6 c4 31. Qg5 $19 (31. Bxg7 {is a better defense.} Kxg7 32. Qc3+ Kh7 33. Qd4) 31... Qxd5+ 32. Kg1 Kh7 33. Bxg7 Kxg7 34. Nf1 Re5 35. Rxe5 Qxe5 36. Ne3 Rf8 37. Nxc4 Qe2 38. Ne3 d2 39. Rd1 f4 40. gxf4 Rxf4 (40... Qe1+ $142 41. Kh2 Rxf4) 41. Rf1 0-1

[Event "GER-ch Youth-U18w 2023"]
[Site "Willingen"]
[Date "2023.05.31"]
[Round "5.3"]
[White "Kalina, Lena"]
[Black "Wagner, Margarethe"]
[Result "0-1"]
[Annotator "NA RC"]
[ECO "E35"]
[WhiteElo "1776"]
[BlackElo "1831"]
[PlyCount "118"]
[EventDate "2022.06.05"]
[EventType "swiss"]
[EventRounds "9"]
[EventCountry "GER"]
[SourceTitle "playchess.com"]
[Source "ChessBase"]
[SourceQuality "1"]
[TimeControl "40/4500+30:900+30"]

1. c4 e6 2. Nc3 d5 3. d4 Nf6 4. cxd5 exd5 5. Bg5 Bb4 6. Qc2 h6 7. Bh4 {[%emt 0:00:00] 7.Bh4 is better than 7.Bxf6.} g5 8. Bg3 Ne4 9. a3 Bxc3+ 10. bxc3 h5 {[%emt 0:02:48] [#]} 11. f3 $146 ({Predecessor:} 11. Be5 Rh6 12. f3 Nd6 13. e3 Nc6 14. Bxd6 Qxd6 15. Bb5 Qe7 16. Ne2 Qxe3 17. Qd2 Qxd2+ 18. Kxd2 {0-1 Aytekin,M (1899)-Rzayev,B (2424) Corum op 2016 (8)}) 11... Nxg3 12. hxg3 Qe7 13. e4 dxe4 14. Qxe4 c6 15. Qxe7+ Kxe7 16. g4 h4 17. Bd3 Be6 18. Kd2 Nd7 19. Nh3 Rhg8 20. Rhe1 Kd6 21. c4 b6 22. Kc3 Rae8 23. Re2 f6 24. Nf2 Kc7 25. a4 Bf7 26. Rxe8 Rxe8 {[%emt 0:00:13] [#]} 27. Be4 ({Better is} 27. a5 $1 $16 ) 27... a5 28. Rb1 Nf8 29. Nd3 Bg6 30. Re1 Bf7 31. Rd1 Bg6 32. Nf2 Bf7 33. Nd3 Bg6 34. Nf2 Bf7 35. Rd2 Ne6 36. Nd1 Nf4 37. d5 c5 38. Ne3 Bg6 39. Nf5 Bxf5 40. Bxf5 Re3+ 41. Kb2 Kd6 42. Be4 Re1 43. Kc3 Rc1+ 44. Bc2 Rg1 45. Bd3 Nxg2 46. Re2 Nf4 47. Re8 h3 48. Rh8 Ra1 49. Bc2 Re1 50. Be4 Re3+ 51. Kd2 Re2+ 52. Kd1 h2 53. Rh6 Rg2 54. Rxf6+ Ke7 55. Rh6 Rg1+ 56. Kd2 h1=Q 57. d6+ Kd8 58. Rxh1 Rxh1 59. Bf5 Ra1 $19 0-1

[Event "GER-ch Youth-U18w 2023"]
[Site "Willingen"]
[Date "2023.05.31"]
[Round "5.4"]
[White "Peglau, Mirjam"]
[Black "Hafermann, Lara"]
[Result "1-0"]
[Annotator "RC"]
[ECO "E05"]
[WhiteElo "1932"]
[BlackElo "1498"]
[PlyCount "57"]
[EventDate "2022.06.05"]
[EventType "swiss"]
[EventRounds "9"]
[EventCountry "GER"]
[SourceTitle "playchess.com"]
[Source "ChessBase"]
[SourceQuality "1"]
[TimeControl "40/4500+30:900+30"]

1. Nf3 Nf6 2. g3 e6 3. Bg2 d5 4. d4 Be7 5. O-O O-O 6. c4 dxc4 7. Qa4 a6 8. Qxc4 b5 9. Qc2 Bb7 10. Bg5 Nc6 11. e3 Nb4 12. Qc1 Rc8 13. a3 Nbd5 14. b4 Nb6 15. Nbd2 Nfd7 16. Bxe7 Qxe7 17. Rd1 Rfd8 18. Qc2 c6 19. Rac1 Nf6 20. Ne5 Nbd5 21. Nb3 Nd7 22. Nd3 e5 23. dxe5 Nxe5 24. Na5 Nxd3 25. Rxd3 g6 26. Qd2 Rd7 27. Rd1 Rcd8 28. Nxb7 Rxb7 29. e4 1-0